AoeStats
← Joaking

Black Forest

506973191Analyzed
1v1 RM · 16d ago on Sep 16, 2026· 44m 11s· 2 players
Game mode
Random Map
Map size
Tiny (2 player)
Population
200
Speed
Normal
Resources
Standard
Victory
Conquest
Starting age
Dark Age
Ending age
Imperial Age
RankedLock teamsTeams togetherTeam positionsShared explorationLock speedFull tech treeHidden civsTurbo modeCheats
Victory
Defeat
🇨🇱 Lithuanians · Chile
1055
+13
🇳🇱 Inca · Netherlands
1000
-13
Joaking
9:55 Feudal Age
18:55 Castle Age
17:20 Double-Bit Axe
18:42 Fletching
24:00 Wheelbarrow
26:32 Horse Collar
36:37 Imperial Age
33:55 Loom
34:25 Hand Cart
33:56 Town Watch
35:11 Scale Barding Armor
35:16 Forging
35:56 Heavy Plow
36:09 Bow Saw
36:09 Town Patrol
36:18 Husbandry
36:28 Bloodlines
36:44 Fortified Wall
36:55 Ballistics
36:46 Masonry
37:06 Chain Barding Armor
37:22 Iron Casting
36:44 Bodkin Arrow
37:41 Conscription
36:51 Cavalier
39:01 Paladin
41:45 Plate Barding Armor
41:08 Bodkin Arrow
40:53 Light Cavalry
43:17 Bracer
43:18 Padded Archer Armor
43:03 Winged Hussar
De Muijl
11:05 Feudal Age
11:41 Double-Bit Axe
11:28 Champi Runner
12:53 Arson
14:17 Horse Collar
14:31 Loom
15:22 Forging
19:21 Fletching
19:34 Scale Mail Armor
25:48 Castle Age
23:41 Stone Mining
23:44 Gold Mining
26:46 Heavy Plow
26:58 Bow Saw
27:38 Bodkin Arrow
28:06 Masonry
28:09 Champi Warrior
28:50 Squires
30:46 Town Watch
33:35 Imperial Age
31:50 Masonry
32:01 Ballistics
32:55 Town Watch
33:46 Wheelbarrow
33:43 Treadmill Crane
34:43 Conscription
35:37 Bracer
36:40 Chemistry
36:57 Andean Sling
36:23 Elite Skirmisher
38:32 Hand Cart
38:48 Fabric Shields
39:38 Pikeman
40:24 Halberdier
41:24 Chain Mail Armor
43:34 Plate Mail Armor
Connection lost

Rejoining the realm…

Still unreachable

The connection could not be restored.

Session expired

The server has moved on; the page needs a fresh start.